 Dungeon Crawl Stone Soup version 0.21.0-30-g47ce8e4 (webtiles) character file.

17128 tidbits the Thaumaturge (level 12, -6/103 HPs)
             Began as a Gnoll Skald on Jan 29, 2018.
             Was a High Priest of Cheibriados.
             Shot with a bolt by an orc warlord (19 damage)
             ... on level 2 of the Orcish Mines.
             The game lasted 00:39:43 (3941 turns).

tidbits the Thaumaturge (Gnoll Skald)               Turns: 3941, Time: 00:39:44

Health: -6/103     AC: 15    Str: 24    XL:     12   Next: 44%
Magic:  5/24       EV: 21    Int: 30    God:    Cheibriados [*****.]
Gold:   781        SH:  0    Dex: 28    Spells: 16/28 levels left

rFire    . . .     SeeInvis .   a - +4 war axe
rCold    . . .     Gourm    .   (no shield)
rNeg     . . .     Faith    .   B - +0 troll leather armour
rPois    .         Spirit   .   (helmet restricted)
rElec    .         Reflect  .   O - +4 cloak "Utush" {MR+}
rCorr    .         Harm     .   G - +0 pair of gloves
MR       +++..                  F - +0 pair of boots
Stlth    ++++......             (no amulet)
HPRegen  0.67/turn              U - +2 ring of protection
MPRegen  0.19/turn              H - ring of protection from magic

@: flying, very slow
A: distributed training, fangs 1, horns 1, magic resistance 1, robust 1, strong
nose
a: Bend Time, Temporal Distortion, Slouch, Step From Time, Renounce Religion


You were on level 2 of the Orcish Mines.
You worshipped Cheibriados.
Cheibriados was extremely pleased with you.
You were not hungry.

You visited 3 branches of the dungeon, and saw 15 of its levels.

You collected 1529 gold pieces.
You spent 748 gold pieces at shops.

Inventory:

Hand Weapons
 a - a +4 war axe (weapon)
 s - a +1 dire flail of holy wrath
   (You took it off Edmund on level 5 of the Dungeon)
 v - a +1 whip of flaming
   (You took it off Pikel on level 4 of the Dungeon)
 y - a +2 short sword of electrocution
   (You took it off an orc priest on level 11 of the Dungeon)
 L - a +1 hand axe of venom
   (You took it off an orc priest on level 11 of the Dungeon)
 P - a +2 flail of protection
   (You took it off an orc on level 11 of the Dungeon)
 W - a +0 broad axe
 X - a +1 dagger of venom
   (You took it off an orc on level 10 of the Dungeon)
 Z - a +0 blowgun
Missiles
 e - 5 curare-tipped needles
 p - 69 arrows
 z - 3 tomahawks (quivered)
 N - 2 javelins
 Q - 15 stones
Armour
 A - a +3 ring mail
 B - a +0 troll leather armour (worn)
 E - a +0 helmet
 F - a +0 pair of boots (worn)
 G - a +0 pair of gloves (worn)
 O - the +4 cloak "Utush" (worn) {MR+}
   (You bought it in a shop on level 1 of the Orcish Mines)

   It affects your resistance to hostile enchantments.
Magical Staves
 M - an uncursed staff of conjuration {unknown}
   (You found it on level 10 of the Dungeon)
Jewellery
 n - an uncursed ring of stealth
   (You took it off an orc on level 5 of the Dungeon)
 H - a ring of protection from magic (right hand)
   (You found it on level 9 of the Dungeon)
 R - an uncursed ring of flight
   (You found it on level 8 of the Dungeon)
 U - a +2 ring of protection (left hand)
   (You found it on level 1 of the Dungeon)
 V - an uncursed ring of protection from fire
   (You found it on level 6 of the Dungeon)
Wands
 g - a wand of paralysis (20)
 i - a wand of enslavement (17)
 Y - a wand of polymorph (10)
Scrolls
 b - a scroll of immolation
 k - a scroll of fear
 m - 2 scrolls of fog
 o - a scroll of magic mapping
 q - 2 scrolls of amnesia
 r - 5 scrolls of remove curse
 x - 3 scrolls of enchant weapon
 I - a scroll of blinking
 J - 4 scrolls of teleportation
Potions
 f - 2 potions of heal wounds
 h - 2 potions of flight
 j - 3 potions of agility {unknown}
 l - 2 potions of curing
 t - a potion of might {unknown}
 u - 2 potions of mutation {!q}
 w - a potion of haste {unknown}
 D - 2 potions of cancellation
 S - a potion of brilliance
Books
 c - a book of Battle

   Spells                             Type                      Level
   a - Infusion                       Charms                       1
   b - Shroud of Golubria             Charms/Translocation         2
   c - Song of Slaying                Charms                       2
   d - Spectral Weapon                Hexes/Charms                 3
   e - Regeneration                   Charms/Necromancy            3
 K - a book of Debilitation
   (You found it on level 7 of the Dungeon)

   Spells                             Type                      Level
   a - Corona                         Hexes                        1
   b - Slow                           Hexes                        2
   c - Inner Flame                    Hexes/Fire                   3
   d - Portal Projectile              Hexes/Translocation          3
   e - Cause Fear                     Hexes                        4
   f - Leda's Liquefaction            Hexes/Earth                  4
Comestibles
 d - 11 rations


   Skills:
 + Level 8.6 Fighting
 + Level 7.1 Short Blades
 + Level 7.1 Long Blades
 + Level 8.6 Axes
 + Level 7.1 Maces & Flails
 + Level 7.1 Polearms
 + Level 7.1 Staves
 + Level 7.1 Slings
 + Level 7.1 Bows
 + Level 7.1 Crossbows
 + Level 7.1 Throwing
 + Level 7.7 Armour
 + Level 8.6 Dodging
 + Level 7.1 Stealth
 + Level 7.1 Shields
 + Level 7.1 Unarmed Combat
 + Level 8.8 Spellcasting
 + Level 5.9 Conjurations
 + Level 5.9 Hexes
 + Level 8.2 Charms
 + Level 5.9 Summonings
 + Level 5.9 Necromancy
 + Level 5.9 Translocations
 + Level 5.9 Transmutations
 + Level 5.9 Fire Magic
 + Level 5.9 Ice Magic
 + Level 5.9 Air Magic
 + Level 5.9 Earth Magic
 + Level 5.9 Poison Magic
 + Level 7.8 Invocations
 + Level 7.1 Evocations


You had 16 spell levels left.
You knew the following spells:

 Your Spells              Type           Power        Failure   Level  Hunger
g - Shroud of Golubria    Chrm/Tloc      ######....   1%          2    None
n - Animate Skeleton      Necr           N/A          1%          1    None
r - Regeneration          Chrm/Necr      ######....   1%          3    None
w - Spectral Weapon       Hex/Chrm       ######..     1%          3    None
y - Song of Slaying       Chrm           ######..     1%          2    None
A - Apportation           Tloc           #####.       1%          1    None


Dungeon Overview and Level Annotations

Branches:
Dungeon (12/15)            Temple (1/1) D:4            Lair (0/6) D:8
    Orc (2/2) D:11            Elf (0/3) Orc:2

Altars:
Ashenzari
Cheibriados
Dithmenos
Elyvilon
Fedhas
Gozag
Hepliaklqana
Kikubaaqudgha
Nemelex Xobeh
Okawaru
Qazlal
Ru
Trog
Uskayaw
Vehumet
Yredelemnul
Zin
The Shining One
Beogh

Shops:
D:8 =   Orc:1 [

Annotations:
D:2 exclusion: adder


Innate Abilities, Weirdness & Mutations

Your experience applies equally to all skills.
You have very sharp teeth.
Your uncanny sense of smell can sniff out nearby items.
You have a pair of small horns on your head.
You are resistant to hostile enchantments. (MR+)
You are robust. (+10% HP)


Message History

Cheibriados appreciates the change of pace.
You kill the orc!
Cheibriados appreciates the change of pace.
You kill the orc priest!
Cheibriados thoroughly appreciates the change of pace.
You kill the orc wizard!
Cheibriados appreciates the change of pace.
You kill the orc wizard!
Cheibriados appreciates the change of pace.
You kill the orc priest!
Cheibriados appreciates the change of pace.
You feel somewhat more hungry.
Cheibriados lowers the support of your attributes as your movement quickens.
The orc warrior no longer looks unusually strong.
The orc warrior barely misses you.
The orc knight roars a battlecry!
The orc warrior goes into a battle-frenzy!
The orc high priest prays.
The smoke demon gestures at you. Beogh smites you!
An orc high priest comes into view. It is wielding a long sword.
You fail to use your ability.
The orc warrior no longer looks unusually strong. x2
The orc high priest utters an invocation to Beogh.
The orc wizard casts a spell at you. The magic dart hits you!
The orc warlord roars a battlecry!
The orc warriors go into a battle-frenzy!
The orc warrior completely misses you.
An orc wizard comes into view. It is wielding an enchanted dagger.
You can feel time thicken for a moment.
You kill the smoke demon!
You kill the orc warrior!
Cheibriados appreciates the change of pace.
You kill the orc warrior!
Cheibriados appreciates the change of pace.
You kill the orc warrior!
Cheibriados thoroughly appreciates the change of pace.
You kill the orc warrior!
Cheibriados appreciates the change of pace.
You kill the orc warrior!
Cheibriados appreciates the change of pace.
Your Short Blades skill increases to level 7!
Your Long Blades skill increases to level 7!
Your Maces & Flails skill increases to level 7!
Your Polearms skill increases to level 7!
Your Staves skill increases to level 7!
Your Slings skill increases to level 7!
Your Bows skill increases to level 7!
Your Crossbows skill increases to level 7!
Your Throwing skill increases to level 7!
Your Stealth skill increases to level 7!
Your Shields skill increases to level 7!
Your Unarmed Combat skill increases to level 7!
Your Evocations skill increases to level 7!
You kill the orc warrior!
Cheibriados appreciates the change of pace.
You kill the orc warrior!
Cheibriados thoroughly appreciates the change of pace.
You kill the smoke demon!
You kill the orc wizard!
Cheibriados thoroughly appreciates the change of pace.
You kill the orc wizard!
Cheibriados thoroughly appreciates the change of pace.
You feel somewhat more hungry.
The orc high priest no longer looks unusually strong.
The orc warlord roars a battlecry!
The orc high priest goes into a battle-frenzy!
The soul eater draws from the surrounding life force!
* * * LOW HITPOINT WARNING * * *
The soul eater is healed.
Unknown command.
Unknown command.
You can feel time thicken for a moment.
You kill the orc warrior!
Cheibriados appreciates the change of pace.
You kill the ynoxinul!
You feel somewhat more hungry.
Cheibriados lowers the support of your attributes as your movement quickens.
The orc high priest mumbles some strange prayers to Beogh.
The orc high priest is healed somewhat.
The orc warlord complains noisily.
The orc warlord shoots a bolt.
The bolt hits you!
* * * LOW HITPOINT WARNING * * *
The bolt burns you.
* * * LOW HITPOINT WARNING * * *
The orc knight hits you from afar with an enchanted glaive!!
* * * LOW HITPOINT WARNING * * *
Your shroud falls apart!
Unknown command.
Unknown command.
You can feel time thicken for a moment.
You kill the orc knight!
Cheibriados appreciates the change of pace.
You kill the orc knight!
Cheibriados appreciates the change of pace.
You kill the orc high priest!
Cheibriados appreciates the change of pace.
You feel somewhat more hungry.
Cheibriados lowers the support of your attributes as your movement quickens.
The orc high priest mumbles some strange prayers to Beogh.
The orc warlord shoots a bolt.
The bolt hits you!!
You die...

...# ...# ...).).....
...# #..))4))3.# ...#
#.))))o)..# ...#
#.o)))....# ...#
#..[))4)..# ...#
..)))....#
...############)))).###
.....#..........@))...##
......##.#.#..#........#
............##......#.##
...##.##.....#.......#.##
..#.#####...#...........#
.....# #...#..........##
....## ##.##..........#
....# #####.#..#...##
....... #######.##


You could see an orc warlord, a soul eater, an orc high priest, a rust devil and
a red devil.

Vanquished Creatures
  2 orc high priests (Orc:2)
  Sonja (D:11)
  Pikel (D:4)
  3 orc knights (Orc:2)
  3 orc sorcerers (Orc:2)
  An ugly thing (D:11)
  The ghost of tidbits the Insei, a novice GnTm of Cheibriados (D:9)
  3 trolls
  A hornet (D:9)
  4 hippogriffs
  A wyvern (D:8)
  A human (D:7)
  13 yaks
  A basilisk (D:8)
  4 hogs (D:7)
  A hungry ghost (D:8)
  A steam dragon (D:11)
  Edmund (D:5)
  Menkaure (D:7)
  A warg (Orc:2)
  Duvessa (D:5)
  21 orc warriors
  6 killer bees
  2 black bears
  An ice beast (D:9)
  A necrophage (D:6)
  2 slaves
  10 ogres
  2 centaurs
  2 crocodiles
  A bullfrog (D:10)
  Dowan (D:5)
  3 scorpions
  4 howler monkeys
  3 crimson imps (D:10)
  4 jellies
  A bullfrog skeleton (D:9)
  2 hounds
  A centaur skeleton (D:9)
  22 orc priests
  21 orc wizards
  Ijyb (D:3)
  An iguana (D:4)
  5 worker ants
  3 killer bee zombies
  2 hound skeletons
  Robin (D:3)
  9 gnolls
  2 worker ant zombies
  8 adders
  2 shadow imps
  A worm (D:2)
  2 leopard geckos
  70 orcs
  3 bats
  2 giant cockroaches
  11 goblins
  11 hobgoblins
  8 jackals
  2 kobolds
  4 quokkas
  A frilled lizard (D:5)
  6 rats
  2 spectral weapons (Orc:2)
313 creatures vanquished.

Vanquished Creatures (collateral kills)
  A hungry ghost (D:10)
  An orc warrior (D:7)
  A bullfrog (D:7)
  A scorpion (D:7)
  A crimson imp (D:7)
  An orc wizard (Orc:2)
  5 orcs
11 creatures vanquished.

Vanquished Creatures (others)
  An orc sorcerer (Orc:2)
  An orc warrior (Orc:2)
  An ogre (D:7)
  4 spectral weapons
7 creatures vanquished.

Grand Total: 331 creatures vanquished

Notes
Turn   | Place    | Note
-------+----------+-------------------------------------------
     0 | D:1      | tidbits the Gnoll Skald began the quest for the Orb.
     0 | D:1      | Reached XP level 1. HP: 20/20 MP: 6/6
   130 | D:1      | Reached XP level 2. HP: 20/26 MP: 0/7
   134 | D:1      | Learned a level 2 spell: Song of Slaying
   137 | D:1      | Learned a level 2 spell: Shroud of Golubria
   227 | D:2      | Reached XP level 3. HP: 25/31 MP: 0/9
   234 | D:2      | Learned a level 3 spell: Regeneration
   238 | D:2      | Learned a level 3 spell: Spectral Weapon
   292 | D:2      | Reached skill level 5 in Spellcasting
   322 | D:3      | Noticed Robin
   333 | D:3      | Reached skill level 1 in Invocations
   335 | D:3      | Killed Robin
   379 | D:3      | Reached skill level 1 in Short Blades
   379 | D:3      | Reached skill level 1 in Long Blades
   379 | D:3      | Reached skill level 1 in Maces & Flails
   379 | D:3      | Reached skill level 1 in Polearms
   379 | D:3      | Reached skill level 1 in Staves
   379 | D:3      | Reached skill level 1 in Slings
   379 | D:3      | Reached skill level 1 in Bows
   379 | D:3      | Reached skill level 1 in Crossbows
   379 | D:3      | Reached skill level 1 in Throwing
   379 | D:3      | Reached skill level 1 in Stealth
   379 | D:3      | Reached skill level 1 in Shields
   379 | D:3      | Reached skill level 1 in Unarmed Combat
   379 | D:3      | Reached skill level 1 in Evocations
   379 | D:3      | Reached XP level 4. HP: 24/38 MP: 3/11
   414 | D:4      | Noticed an ogre
   473 | D:3      | Found an ancient bone altar of Kikubaaqudgha.
   474 | D:3      | Found a bloodstained altar of Trog.
   474 | D:3      | Found an opulent altar of Gozag.
   504 | D:3      | Found a faded altar of an unknown god.
   523 | D:3      | Reached skill level 1 in Conjurations
   523 | D:3      | Reached skill level 1 in Hexes
   523 | D:3      | Reached skill level 1 in Summonings
   523 | D:3      | Reached skill level 1 in Necromancy
   523 | D:3      | Reached skill level 1 in Translocations
   523 | D:3      | Reached skill level 1 in Transmutations
   523 | D:3      | Reached skill level 1 in Fire Magic
   523 | D:3      | Reached skill level 1 in Ice Magic
   523 | D:3      | Reached skill level 1 in Air Magic
   523 | D:3      | Reached skill level 1 in Earth Magic
   523 | D:3      | Reached skill level 1 in Poison Magic
   558 | D:4      | Found a staircase to the Ecumenical Temple.
   571 | D:4      | Reached XP level 5. HP: 35/43 MP: 4/12
   577 | Temple   | Entered the Ecumenical Temple
   583 | Temple   | Became a worshipper of Cheibriados the Contemplative
   645 | D:5      | Entered Level 5 of the Dungeon
   683 | D:4      | Noticed a slave
   683 | D:4      | Reached skill level 3 in Armour
   686 | D:4      | Noticed a slave
   691 | D:4      | Noticed a slave
   717 | D:3      | Killed a slave
   782 | D:3      | Noticed Ijyb
   798 | D:3      | Killed Ijyb
   819 | D:3      | Reached * piety under Cheibriados
   852 | D:2      | Reached XP level 6. HP: 46/50 MP: 4/13
   941 | D:4      | Noticed Pikel
   951 | D:4      | Killed a slave
   953 | D:4      | Killed Pikel
   953 | D:4      | Reached skill level 5 in Fighting
   953 | D:4      | Reached skill level 2 in Short Blades
   953 | D:4      | Reached skill level 2 in Long Blades
   953 | D:4      | Reached skill level 5 in Axes
   953 | D:4      | Reached skill level 2 in Maces & Flails
   953 | D:4      | Reached skill level 2 in Polearms
   953 | D:4      | Reached skill level 2 in Staves
   953 | D:4      | Reached skill level 2 in Slings
   953 | D:4      | Reached skill level 2 in Bows
   953 | D:4      | Reached skill level 2 in Crossbows
   953 | D:4      | Reached skill level 2 in Throwing
   953 | D:4      | Reached skill level 5 in Dodging
   953 | D:4      | Reached skill level 2 in Stealth
   953 | D:4      | Reached skill level 2 in Shields
   953 | D:4      | Reached skill level 2 in Unarmed Combat
   953 | D:4      | Reached skill level 2 in Conjurations
   953 | D:4      | Reached skill level 2 in Hexes
   953 | D:4      | Reached skill level 2 in Summonings
   953 | D:4      | Reached skill level 2 in Necromancy
   953 | D:4      | Reached skill level 2 in Translocations
   953 | D:4      | Reached skill level 2 in Transmutations
   953 | D:4      | Reached skill level 2 in Fire Magic
   953 | D:4      | Reached skill level 2 in Ice Magic
   953 | D:4      | Reached skill level 2 in Air Magic
   953 | D:4      | Reached skill level 2 in Earth Magic
   953 | D:4      | Reached skill level 2 in Poison Magic
   953 | D:4      | Reached skill level 2 in Invocations
   953 | D:4      | Reached skill level 2 in Evocations
   953 | D:4      | Reached XP level 7. HP: 53/56 MP: 9/15
   977 | D:4      | Found a white marble altar of Elyvilon.
  1150 | D:5      | Noticed Duvessa
  1150 | D:5      | Noticed Dowan
  1155 | D:5      | Killed Duvessa
  1155 | D:5      | Reached skill level 3 in Invocations
  1156 | D:5      | Killed Dowan
  1156 | D:5      | Reached XP level 8. HP: 61/63 MP: 12/16
  1234 | D:5      | Reached skill level 6 in Charms
  1237 | D:5      | Reached skill level 3 in Short Blades
  1237 | D:5      | Reached skill level 3 in Long Blades
  1237 | D:5      | Reached skill level 3 in Maces & Flails
  1237 | D:5      | Reached skill level 3 in Polearms
  1237 | D:5      | Reached skill level 3 in Staves
  1237 | D:5      | Reached skill level 3 in Slings
  1237 | D:5      | Reached skill level 3 in Bows
  1237 | D:5      | Reached skill level 3 in Crossbows
  1237 | D:5      | Reached skill level 3 in Throwing
  1237 | D:5      | Reached skill level 4 in Armour
  1237 | D:5      | Reached skill level 3 in Stealth
  1237 | D:5      | Reached skill level 3 in Shields
  1237 | D:5      | Reached skill level 3 in Unarmed Combat
  1237 | D:5      | Reached skill level 3 in Evocations
  1364 | D:7      | Reached ** piety under Cheibriados
  1378 | D:7      | Reached skill level 6 in Spellcasting
  1691 | D:5      | Found a stormy altar of Qazlal.
  1771 | D:5      | Reached skill level 4 in Invocations
  1773 | D:5      | Noticed Edmund
  1782 | D:5      | Killed Edmund
  1782 | D:5      | Reached skill level 6 in Fighting
  1782 | D:5      | Reached skill level 6 in Axes
  1782 | D:5      | Reached skill level 6 in Dodging
  1782 | D:5      | Reached skill level 3 in Conjurations
  1782 | D:5      | Reached skill level 3 in Hexes
  1782 | D:5      | Reached skill level 3 in Summonings
  1782 | D:5      | Reached skill level 3 in Necromancy
  1782 | D:5      | Reached skill level 3 in Translocations
  1782 | D:5      | Reached skill level 3 in Transmutations
  1782 | D:5      | Reached skill level 3 in Fire Magic
  1782 | D:5      | Reached skill level 3 in Ice Magic
  1782 | D:5      | Reached skill level 3 in Air Magic
  1782 | D:5      | Reached skill level 3 in Earth Magic
  1782 | D:5      | Reached skill level 3 in Poison Magic
  1782 | D:5      | Reached XP level 9. HP: 58/69 MP: 14/18
  1882 | D:7      | Found a white marble altar of Elyvilon.
  1939 | D:7      | Reached *** piety under Cheibriados
  1939 | D:7      | Reached skill level 4 in Short Blades
  1939 | D:7      | Reached skill level 4 in Long Blades
  1939 | D:7      | Reached skill level 4 in Maces & Flails
  1939 | D:7      | Reached skill level 4 in Polearms
  1939 | D:7      | Reached skill level 4 in Staves
  1939 | D:7      | Reached skill level 4 in Slings
  1939 | D:7      | Reached skill level 4 in Bows
  1939 | D:7      | Reached skill level 4 in Crossbows
  1939 | D:7      | Reached skill level 4 in Throwing
  1939 | D:7      | Reached skill level 4 in Stealth
  1939 | D:7      | Reached skill level 4 in Shields
  1939 | D:7      | Reached skill level 4 in Unarmed Combat
  1939 | D:7      | Reached skill level 4 in Evocations
  2013 | D:7      | Reached skill level 5 in Armour
  2083 | D:7      | Noticed Menkaure
  2092 | D:7      | Killed Menkaure
  2107 | D:7      | Reached skill level 5 in Invocations
  2150 | D:8      | Reached skill level 7 in Spellcasting
  2150 | D:8      | Reached XP level 10. HP: 65/77 MP: 11/20
  2155 | D:8      | Reached skill level 4 in Conjurations
  2155 | D:8      | Reached skill level 4 in Hexes
  2155 | D:8      | Reached skill level 4 in Summonings
  2155 | D:8      | Reached skill level 4 in Necromancy
  2155 | D:8      | Reached skill level 4 in Translocations
  2155 | D:8      | Reached skill level 4 in Transmutations
  2155 | D:8      | Reached skill level 4 in Fire Magic
  2155 | D:8      | Reached skill level 4 in Ice Magic
  2155 | D:8      | Reached skill level 4 in Air Magic
  2155 | D:8      | Reached skill level 4 in Earth Magic
  2155 | D:8      | Reached skill level 4 in Poison Magic
  2271 | D:8      | Reached **** piety under Cheibriados
  2291 | D:8      | Found a staircase to the Lair.
  2366 | D:9      | Noticed tidbits's ghost (novice GnTm)
  2371 | D:9      | Gained mutation: Your body sometimes deteriorates upon taking damage. [potion of mutation]
  2371 | D:9      | Gained mutation: You evolve. [potion of mutation]
  2375 | D:9      | Killed tidbits's ghost
  2375 | D:9      | Reached skill level 5 in Short Blades
  2375 | D:9      | Reached skill level 5 in Long Blades
  2375 | D:9      | Reached skill level 5 in Maces & Flails
  2375 | D:9      | Reached skill level 5 in Polearms
  2375 | D:9      | Reached skill level 5 in Staves
  2375 | D:9      | Reached skill level 5 in Slings
  2375 | D:9      | Reached skill level 5 in Bows
  2375 | D:9      | Reached skill level 5 in Crossbows
  2375 | D:9      | Reached skill level 5 in Throwing
  2375 | D:9      | Reached skill level 5 in Stealth
  2375 | D:9      | Reached skill level 5 in Shields
  2375 | D:9      | Reached skill level 5 in Unarmed Combat
  2375 | D:9      | Reached skill level 5 in Evocations
  2377 | D:9      | Reached skill level 7 in Charms
  2378 | D:9      | Lost mutation: Your body sometimes deteriorates upon taking damage. [potion of mutation]
  2378 | D:9      | Lost mutation: You evolve. [potion of mutation]
  2378 | D:9      | Gained mutation: You have a pair of small horns on your head. [potion of mutation]
  2378 | D:9      | Gained mutation: You are resistant to hostile enchantments. (MR+) [potion of mutation]
  2378 | D:9      | Gained mutation: You are robust. (+10% HP) [potion of mutation]
  2385 | D:9      | Learned a level 1 spell: Animate Skeleton
  2387 | D:9      | Learned a level 1 spell: Apportation
  2408 | D:10     | Entered Level 10 of the Dungeon
  2575 | D:9      | Reached skill level 7 in Fighting
  2575 | D:9      | Reached skill level 7 in Axes
  2575 | D:9      | Reached skill level 7 in Dodging
  2596 | D:8      | Found Xaskowk's Jewellery Shop.
  2659 | D:8      | Reached skill level 6 in Armour
  2806 | D:10     | Reached ***** piety under Cheibriados
  2847 | D:10     | Reached skill level 6 in Invocations
  2892 | D:10     | Reached XP level 11. HP: 32/92 MP: 14/22
  2994 | D:10     | Reached skill level 6 in Short Blades
  2994 | D:10     | Reached skill level 6 in Long Blades
  2994 | D:10     | Reached skill level 6 in Maces & Flails
  2994 | D:10     | Reached skill level 6 in Polearms
  2994 | D:10     | Reached skill level 6 in Staves
  2994 | D:10     | Reached skill level 6 in Slings
  2994 | D:10     | Reached skill level 6 in Bows
  2994 | D:10     | Reached skill level 6 in Crossbows
  2994 | D:10     | Reached skill level 6 in Throwing
  2994 | D:10     | Reached skill level 6 in Stealth
  2994 | D:10     | Reached skill level 6 in Shields
  2994 | D:10     | Reached skill level 6 in Unarmed Combat
  2994 | D:10     | Reached skill level 6 in Evocations
  3095 | D:10     | Reached skill level 5 in Conjurations
  3095 | D:10     | Reached skill level 5 in Hexes
  3095 | D:10     | Reached skill level 5 in Summonings
  3095 | D:10     | Reached skill level 5 in Necromancy
  3095 | D:10     | Reached skill level 5 in Translocations
  3095 | D:10     | Reached skill level 5 in Transmutations
  3095 | D:10     | Reached skill level 5 in Fire Magic
  3095 | D:10     | Reached skill level 5 in Ice Magic
  3095 | D:10     | Reached skill level 5 in Air Magic
  3095 | D:10     | Reached skill level 5 in Earth Magic
  3095 | D:10     | Reached skill level 5 in Poison Magic
  3114 | D:11     | Noticed a white ugly thing
  3125 | D:11     | Killed a white ugly thing
  3222 | D:11     | Reached skill level 8 in Spellcasting
  3224 | D:11     | Noticed Sonja
  3231 | D:11     | Killed Sonja
  3314 | D:11     | Found a staircase to the Orcish Mines.
  3409 | D:12     | Noticed a cyan ugly thing
  3423 | Orc:1    | Entered Level 1 of the Orcish Mines
  3556 | Orc:2    | Entered Level 2 of the Orcish Mines
  3556 | Orc:2    | Found a staircase to the Elven Halls.
  3597 | Orc:2    | Reached ****** piety under Cheibriados
  3640 | Orc:2    | Reached skill level 7 in Invocations
  3653 | Orc:2    | Reached skill level 8 in Fighting
  3653 | Orc:2    | Reached skill level 8 in Axes
  3653 | Orc:2    | Reached skill level 7 in Armour
  3653 | Orc:2    | Reached skill level 8 in Dodging
  3691 | Orc:2    | Found a roughly hewn altar of Beogh.
  3790 | Orc:1    | Found Niaroext's Armour Shoppe.
  3800 | Orc:1    | Bought the +4 cloak "Utush" {MR+} for 667 gold pieces
  3800 | Orc:1    | Bought a +0 pair of gloves for 81 gold pieces
  3905 | Orc:2    | Noticed an orc sorcerer
  3907 | Orc:2    | Noticed an orc knight
  3907 | Orc:2    | Noticed an orc sorcerer
  3908 | Orc:2    | Killed an orc sorcerer
  3908 | Orc:2    | Killed an orc sorcerer
  3914 | Orc:2    | Killed an orc knight
  3914 | Orc:2    | Reached XP level 12. HP: 81/102 MP: 9/24
  3921 | Orc:2    | Reached skill level 8 in Charms
  3924 | Orc:2    | Noticed an orc high priest
  3931 | Orc:2    | Noticed an orc warlord
  3931 | Orc:2    | Killed an orc high priest
  3935 | Orc:2    | Noticed an orc high priest
  3938 | Orc:2    | Noticed an orc high priest
  3939 | Orc:2    | Noticed a soul eater
  3939 | Orc:2    | Reached skill level 7 in Short Blades
  3939 | Orc:2    | Reached skill level 7 in Long Blades
  3939 | Orc:2    | Reached skill level 7 in Maces & Flails
  3939 | Orc:2    | Reached skill level 7 in Polearms
  3939 | Orc:2    | Reached skill level 7 in Staves
  3939 | Orc:2    | Reached skill level 7 in Slings
  3939 | Orc:2    | Reached skill level 7 in Bows
  3939 | Orc:2    | Reached skill level 7 in Crossbows
  3939 | Orc:2    | Reached skill level 7 in Throwing
  3939 | Orc:2    | Reached skill level 7 in Stealth
  3939 | Orc:2    | Reached skill level 7 in Shields
  3939 | Orc:2    | Reached skill level 7 in Unarmed Combat
  3939 | Orc:2    | Reached skill level 7 in Evocations
  3941 | Orc:2    | Killed an orc high priest
  3941 | Orc:2    | Shot with a bolt by an orc warlord

Skill      XL: |  1  2  3  4  5  6  7  8  9 10 11 12 |
---------------+-------------------------------------+-----
Spellcasting   | 5 6 7 8 |  8.8
Invocations    | 1 2 3 4 5 6 7 |  7.8
Short Blades   | 1 2 3 4 5 6 7 |  7.1
Long Blades    | 1 2 3 4 5 6 7 |  7.1
Maces & Flails | 1 2 3 4 5 6 7 |  7.1
Polearms       | 1 2 3 4 5 6 7 |  7.1
Staves         | 1 2 3 4 5 6 7 |  7.1
Slings         | 1 2 3 4 5 6 7 |  7.1
Bows           | 1 2 3 4 5 6 7 |  7.1
Crossbows      | 1 2 3 4 5 6 7 |  7.1
Throwing       | 1 2 3 4 5 6 7 |  7.1
Stealth        | 1 2 3 4 5 6 7 |  7.1
Shields        | 1 2 3 4 5 6 7 |  7.1
Unarmed Combat | 1 2 3 4 5 6 7 |  7.1
Evocations     | 1 2 3 4 5 6 7 |  7.1
Conjurations   | 1 2 3 4 5 |  5.9
Hexes          | 1 2 3 4 5 |  5.9
Summonings     | 1 2 3 4 5 |  5.9
Necromancy     | 1 2 3 4 5 |  5.9
Translocations | 1 2 3 4 5 |  5.9
Transmutations | 1 2 3 4 5 |  5.9
Fire Magic     | 1 2 3 4 5 |  5.9
Ice Magic      | 1 2 3 4 5 |  5.9
Air Magic      | 1 2 3 4 5 |  5.9
Earth Magic    | 1 2 3 4 5 |  5.9
Poison Magic   | 1 2 3 4 5 |  5.9
Armour         | 3 4 5 6 7 |  7.7
Fighting       | 5 6 7 8 |  8.6
Axes           | 5 6 7 8 |  8.6
Dodging        | 5 6 7 8 |  8.6
Charms         | 6 7 8 |  8.2

Action                   |  1- 3 |  4- 6 |  7- 9 | 10-12 || total
-------------------------+-------+-------+-------+-------++-------
Melee: Hand axe          |    39 |    98 |     8 |       ||   145
       Bite              |     1 |    10 |    18 |    37 ||    66
       Punch             |     1 |       |     3 |    11 ||    15
       War axe           |       |       |   125 |   237 ||   362
       Headbutt          |       |       |       |    71 ||    71
Throw: Tomahawk          |       |       |     3 |       ||     3
 Cast: Infusion          |     5 |     4 |       |       ||     9
       Spectral Weapon   |     4 |    12 |    25 |    46 ||    87
       Shroud of Golubri |     1 |     4 |    11 |    11 ||    27
       Regeneration      |       |     1 |     3 |     8 ||    12
       Song of Slaying   |       |       |       |     3 ||     3
       Apportation       |       |       |       |    28 ||    28
       Animate Skeleton  |       |       |       |     2 ||     2
Invok: Bend Time         |       |       |     1 |     2 ||     3
       Slouch            |       |       |       |    10 ||    10
Evoke: Wand              |       |     2 |     7 |    13 ||    22
  Use: Scroll            |       |     1 |     5 |    10 ||    16
       Potion            |       |     1 |       |     6 ||     7
 Stab: Distracted        |       |     1 |     5 |     3 ||     9
       Sleeping          |       |       |     2 |     4 ||     6
       Paralysed         |       |       |       |     5 ||     5
  Eat: Chunk             |       |     1 |     3 |       ||     4
       Ration            |       |       |     3 |       ||     3
Armor: Leather armour    |    15 |    29 |    29 |    44 ||   117
       Troll leather arm |       |       |       |    13 ||    13
Dodge: Dodged            |    44 |    67 |   154 |   254 ||   519

Table legend:
 A = Turns spent in this place as a percentage of turns spent in the entire game.
 B = Non-inter-level travel turns spent in this place as a percentage of non-inter-level travel turns spent in the entire game.
 C = Inter-level travel turns spent in this place as a percentage of turns spent in this place.
 D = Turns resting spent in this place as a percentage of non-inter-level travel turns spent in this place.
 E = Turns spent auto-exploring this place as a percentage of non-inter-level travel turns spent in this place.
 F = Non-inter-level travel turns spent in this place divided by the number of levels of this place that you've seen.
                   A       B       C       D       E      F
               +-------+-------+-------+-------+-------+----------------------
         Total | 100.0 | 100.0 |   0.5 |   0.0 |   0.0 | 261.5
       Dungeon |  86.5 |  86.9 |   0.0 |   0.0 |   0.0 | 284.2
        Temple |   0.3 |   0.3 |   0.0 |   0.0 |   0.0 |  13.0
  Orcish Mines |  13.1 |  12.7 |   3.5 |   0.0 |   0.0 | 250.0
               +-------+-------+-------+-------+-------+----------------------

Table legend:
 A = Kills in this place as a percentage of kills in entire the game.
 B = Kills by you in this place as a percentage of kills by you in the entire game.
 C = Kills by friends in this place as a percentage of kills by friends in the entire game.
 D = Other kills in this place as a percentage of other kills in the entire game.
 E = Experience gained in this place as a percentage of experience gained in the entire game.
 F = Experience gained in this place divided by the number of levels of this place that you have seen.
                   A       B       C       D       E      F
               +-------+-------+-------+-------+-------+----------------------
         Total | 100.0 | 100.0 | 100.0 | 100.0 | 100.0 | 1631.3
       Dungeon |  68.8 |  68.9 |  72.7 |   0.0 |  57.6 | 1173.7
  Orcish Mines |  31.2 |  31.1 |  27.3 | 100.0 |  42.4 | 5192.5
               +-------+-------+-------+-------+-------+----------------------

Vault maps used:
D:1:      saegor_arrival_simple_d
D:2:      kennysheep_big_flooded_room, first_ration
D:3:      gammafunk_temple_overflow_claw, chequers_ecumenical_altar_simple,
          uniq_ijyb, uniq_robin
D:4:      elyvilon_altar_4, minmay_temple_entry_statues_fountains,
          minmay_joined_circles, uniq_pikel
D:5:      nicolae_overflow_crystal_walls, nemelex_lonely_heart_becter,
          uniq_edmund, uniq_duvessa
D:6:      lemuel_coloured_pillars_altar
D:7:      basic_altar, grunt_livestock, uniq_menkaure
D:8:      david_lair_generic, serial_shops, shop
D:9:      hangedman_abyss_or_decor_stabs
D:10:     uniq_harold
D:11:     hiddenorc2_lemuel, kennysheep_generic_room_8, uniq_fannar, uniq_sonja
Temple:   nicolae_temple_x_marks_the_god
Orc:1:    serial_shops, shop
Orc:2:    st_orc_congregation, basic_altar
